 Dungeon Crawl Stone Soup version 0.21.1-1-g345015fe64 (webtiles) character file.

395 Peloso the Slasher (level 6, 0/53 HPs)
             Began as a Minotaur Fighter on July 9, 2018.
             Slain by an iguana (6 damage)
             ... on level 4 of the Dungeon.
             The game lasted 00:06:24 (2357 turns).

Peloso the Slasher (Minotaur Fighter)               Turns: 2357, Time: 00:06:24

Health: 0/53       AC:  7    Str: 21    XL:     6   Next: 52%
Magic:  5/5        EV:  8    Int:  5    God:
Gold:   122        SH: 10    Dex: 11    Spells: 5/5 levels left

rFire    . . .     SeeInvis .   a - +0 long sword
rCold    . . .     Gourm    .   c - +0 shield
rNeg     . . .     Faith    .   b - +0 scale mail
rPois    .         Spirit   .   (helmet restricted)
rElec    .         Reflect  .   (no cloak)
rCorr    .         Harm     .   (no gloves)
MR       .....                  (no boots)
Stlth    ..........             (no amulet)
HPRegen  0.17/turn              (no ring)
MPRegen  0.09/turn              (no ring)

@: lethally poisoned (0 -> -8)
A: retaliatory headbutt, horns 2
a: no special abilities


You were on level 4 of the Dungeon.
You were near starving.

You visited 1 branch of the dungeon, and saw 5 of its levels.

You collected 122 gold pieces.

Inventory:

Hand Weapons
 a - a +0 long sword (weapon)
Armour
 b - a +0 scale mail (worn)
 c - a +0 shield (worn)
Scrolls
 h - a scroll of magic mapping
 l - a scroll of enchant armour {unknown}
 n - 3 scrolls of teleportation {unknown}
Potions
 e - a potion of cancellation
 k - 2 potions of magic {unknown}
 m - a potion of curing {unknown}
Comestibles
 f - 7 rations


   Skills:
 + Level 4.3 Fighting
 + Level 5.7 Long Blades
 + Level 5.2 Armour
 + Level 1.1 Dodging
 + Level 5.3 Shields


You had 5 spell levels left.
You didn't know any spells.

Dungeon Overview and Level Annotations

Branches:
Dungeon (5/15)
 Temple: D:4-7

Altars:
Ru

Annotations:
D:4 Blork the orc; Losbrottos's ghost, amateur CeHu
D:5 AAA992's ghost, novice MiAK; Menkaure


Innate Abilities, Weirdness & Mutations

You reflexively headbutt those who attack you in melee.
You have a pair of horns on your head.


Message History

The iguana bites you but does no damage.
You slash the iguana!
The iguana is heavily wounded.
The iguana bites you but does no damage.
The worker ant bites you.
* * * LOW HITPOINT WARNING * * *
You are poisoned.
The worker ant poisons you!
You slash the iguana!
You headbutt the iguana, but do no damage.
The iguana is almost dead.
You feel sick. You block the worker ant's attack.
You block the iguana's attack. The worker ant bites you.
* * * LOW HITPOINT WARNING * * *
You are lethally poisoned!
The worker ant poisons you!
It was a potion of cancellation.
You feel magically purged.
* * * LOW HITPOINT WARNING * * *
You feel sick. The iguana bites you.
You die...

### ..# #.# #.# #l#
..# #@# ..# #a#
..## #l# ... #W# .#
#s# .+ #.#
.###############.##
..>†......s.Wl....#
.#.################


You could see a scorpion, an iguana, a worker ant, Losbrottos's ghost and a
leopard gecko.

Vanquished Creatures
  The ghost of Norian the Conjurer, an amateur DECj (D:3)
  A centaur skeleton (D:5)
  Jessica (D:2)
  Natasha (thrice) (D:2)
  A worker ant (D:4)
  2 adders (D:2)
  3 worms
  3 leopard geckos
  5 goblins
  13 hobgoblins
  A jackal (D:5)
  2 quokkas
  2 ball pythons
  4 bats
  3 frilled lizards
  10 kobolds
  9 rats
64 creatures vanquished.

Notes
Turn   | Place    | Note
-------+----------+-------------------------------------------
     0 | D:1      | Peloso the Minotaur Fighter began the quest for the Orb.
     0 | D:1      | Reached XP level 1. HP: 19/19 MP: 0/0
    13 | D:1      | Noticed a centaur
   113 | D:1      | Reached XP level 2. HP: 23/27 MP: 1/1
   637 | D:1      | Reached XP level 3. HP: 30/33 MP: 2/2
   856 | D:2      | Noticed Natasha
   863 | D:2      | Killed Natasha
   863 | D:2      | Reached XP level 4. HP: 19/40 MP: 3/3
  1083 | D:2      | Noticed Natasha
  1087 | D:2      | Killed Natasha
  1534 | D:2      | Noticed Natasha
  1542 | D:2      | Killed Natasha
  1542 | D:2      | Reached XP level 5. HP: 45/46 MP: 4/4
  1545 | D:2      | Noticed Jessica
  1548 | D:2      | Killed Jessica
  1592 | D:2      | Found a sacrificial altar of Ru.
  1731 | D:3      | Reached skill level 5 in Shields
  1779 | D:3      | Reached skill level 1 in Dodging
  1882 | D:3      | Noticed Norian's ghost (amateur DECj)
  1886 | D:3      | Killed Norian's ghost
  1886 | D:3      | Reached skill level 5 in Long Blades
  1886 | D:3      | Reached XP level 6. HP: 44/53 MP: 5/5
  1928 | D:3      | You fall through a shaft for 2 floors!
  1928 | D:5      | Entered Level 5 of the Dungeon
  1961 | D:5      | Noticed a slave
  2008 | D:5      | Noticed AAA992's ghost (novice MiAK)
  2290 | D:4      | Noticed Blork the orc
  2291 | D:4      | Noticed Losbrottos's ghost (amateur CeHu)
  2330 | D:5      | Noticed Menkaure
  2334 | D:4      | Reached skill level 5 in Armour
  2357 | D:4      | Slain by an iguana

Skill      XL: |  1  2  3  4  5  6 |
---------------+-------------------+-----
Shields        | 4 5 |  5.3
Fighting       | 4 |  4.3
Long Blades    | 3 4 5 |  5.7
Armour         | 4 5 |  5.2
Dodging        | 1 |  1.1

Action                   |  1- 3 |  4- 6 || total
-------------------------+-------+-------++-------
Melee: Long sword        |    86 |    71 ||   157
       Headbutt          |    11 |    21 ||    32
  Use: Potion            |       |     2 ||     2
       Scroll            |       |     5 ||     5
  Eat: Chunk             |       |     3 ||     3
Armor: Scale mail        |    53 |    29 ||    82
Dodge: Dodged            |    27 |    26 ||    53
Block: Shield            |    45 |    57 ||   102
       Rpst.: Long sword |     3 |    13 ||    16
